AoeStats
← cobanizer

Arena

510407199Analyzed
4v4 RM · 1d ago on Sep 30, 2026· 37m 4s· 8 players
Game mode
Random Map
Map size
Large (8 player)
Population
200
Speed
Normal
Resources
Standard
Victory
Conquest
Starting age
Dark Age
Ending age
Imperial Age
RankedLock teamsTeams togetherTeam positionsShared explorationLock speedFull tech treeHidden civsTurbo modeCheats
Victory
Defeat
🇲🇽 Persians · Mexico
1161
+9
🇩🇪 Teutons · Germany
1111
+11
🇦🇷 Saracens · Argentina
1089
+12
🇲🇽 Spanish · Mexico
1060
+13
🇩🇪 Bohemians · Germany
1151
-17
🇩🇪 Bengalis · Germany
1028
-12
🇩🇪 Varangians · Germany
976
-10
🇩🇪 Franks · Germany
845
-6
gerardovalher
1:18 Loom
11:04 Feudal Age
12:29 Loom
15:11 Castle Age
13:19 Double-Bit Axe
14:24 Stone Mining
19:00 Horse Collar
20:35 Gold Mining
23:48 Town Watch
25:47 Wheelbarrow
26:06 Heavy Plow
27:32 Bow Saw
31:04 Imperial Age
29:35 Gold Shaft Mining
30:51 Bloodlines
30:41 Husbandry
30:48 Scale Barding Armor
30:54 Forging
30:52 Cavalier
32:51 Crop Rotation
32:57 Conscription
33:22 Iron Casting
33:52 Chain Barding Armor
35:19 Town Patrol
35:35 Hand Cart
37:47 Plate Barding Armor
cobanizer
10:56 Feudal Age
15:43 Castle Age
13:50 Double-Bit Axe
17:14 Wheelbarrow
21:37 Bow Saw
22:22 Hand Cart
22:04 Horse Collar
22:56 Heavy Plow
23:02 Stone Mining
23:38 Loom
29:29 Imperial Age
27:11 Forging
27:02 Scale Mail Armor
27:15 Town Watch
29:16 Town Patrol
29:55 Iron Casting
29:36 Chain Mail Armor
30:19 Squires
30:05 Arson
32:41 Blast Furnace
32:11 Plate Mail Armor
32:22 Stone Shaft Mining
31:38 Gold Mining
32:21 Crop Rotation
32:50 Pikeman
33:30 Elite Teutonic Knight
35:15 Halberdier
MadKitten 77
11:37 Feudal Age
15:37 Castle Age
14:23 Double-Bit Axe
14:22 Horse Collar
16:00 Loom
16:51 Wheelbarrow
LadenStone72050
0:50 Loom
11:06 Feudal Age
11:39 Double-Bit Axe
17:52 Castle Age
17:13 Horse Collar
18:02 Gold Mining
19:26 Wheelbarrow
19:33 Bow Saw
22:52 Fervor
28:13 Town Watch
29:49 Hand Cart
30:37 Bimaristan
32:07 Forging
32:03 Heavy Plow
32:45 Husbandry
32:55 Bloodlines
33:13 Scale Barding Armor
37:13 Imperial Age
34:41 Light Cavalry
36:27 Iron Casting
37:34 Chain Barding Armor
Samiotis
10:29 Feudal Age
14:50 Castle Age
13:27 Double-Bit Axe
13:25 Horse Collar
16:12 Bow Saw
20:59 Sanctity
24:25 Fletching
29:50 Loom
34:07 Chemistry
35:58 Imperial Age
34:05 Wheelbarrow
39:41 Imperial Age
37:38 Hand Cart
leon36
11:12 Feudal Age
14:50 Castle Age
13:14 Double-Bit Axe
13:36 Horse Collar
16:37 Bow Saw
19:46 Wheelbarrow
22:46 Heavy Plow
23:22 Gold Mining
25:02 Hand Cart
25:34 Fletching
27:09 Gold Shaft Mining
27:44 Bodkin Arrow
27:49 Padded Archer Armor
29:06 Ballistics
29:32 Stone Mining
29:48 Loom
30:38 Town Watch
33:55 Imperial Age
32:47 Leather Archer Armor
32:38 Husbandry
32:48 Bloodlines
34:32 Elite Elephant Archer
35:14 Bracer
35:46 Ring Archer Armor
37:44 Chemistry
36:54 Siege Engineers
37:19 Paiks
tobenderwolf05
11:13 Feudal Age
16:08 Castle Age
14:35 Double-Bit Axe
14:40 Horse Collar
15:20 Stone Mining
16:19 Gold Mining
17:22 Loom
22:44 Murder Holes
25:44 Heavy Plow
25:55 Bow Saw
32:08 Wheelbarrow
31:44 Treadmill Crane
32:16 Masonry
32:17 Fortified Wall
33:07 Ballistics
33:32 Scale Barding Armor
33:38 Forging
36:10 Scale Mail Armor
38:05 Iron Casting
Dreams
10:49 Feudal Age
10:56 Loom
15:58 Castle Age
14:20 Double-Bit Axe
23:16 Bow Saw
24:14 Scale Barding Armor
27:26 Chain Barding Armor
31:19 Imperial Age
29:26 Forging
29:48 Ballistics
30:49 Wheelbarrow
32:02 Husbandry
33:26 Chemistry
31:52 Cavalier
34:05 Plate Barding Armor
Connection lost

Rejoining the realm…

Still unreachable

The connection could not be restored.

Session expired

The server has moved on; the page needs a fresh start.